Map: Arctic Flowers LE

Players

Sabirchenko

  • Race: Protoss Protoss
  • League: Master
  • Spawn Location: 7:00

SailorMoonLS

  • Race: Terran Terran
  • Spawn Location: 7:00

Ekelpack - Winner!

  • Race: Zerg Zerg
  • Spawn Location: 1:00

Nyck - Winner!

  • Race: Terran Terran
  • Spawn Location: 1:00

VOD

Have the link to the VOD?

Description

Time

  • Played on: Feb. 4, 2025, 1:02 p.m.
  • Length: 13:48
Show
View Real Time Build Order
Export as new Build Order

Sabirchenko Protoss 

Build Orders: Blink Stalkers, Zealot Archon 

Get SALT Encoding   

  12  0:00  Probe  
  13  0:12  Probe  
  14  0:21  Pylon  
  14  0:26  Probe  
  15  0:39  Probe  
  15  0:40  Gateway  
  16  0:47  Probe  
  16  0:50  Assimilator  
  17  0:58  Probe  
  17  0:59  Assimilator  
  18  1:10  Probe  
  19  1:23  Pylon  
  19  1:27  Cybernetics Core  
  19  1:28  Probe  
  20  1:36  Probe  
  20  1:46  Probe  
  22  2:03  Warp Gate  
  22  2:07  Gateway, Pylon  
  22  2:09  Probe  
  22  2:12  Adept  
  25  2:25  Gateway  
  25  2:44  Twilight Council  
  25  2:51  Adept  
  27  2:56  Adept  
  29  3:14  Nexus  
  29  3:22  Blink  
  29  3:42  Pylon  
  29  3:53  Sentry  
  29  3:55  Stalker x2  
  31  4:44  Pylon  
  29  4:48  Probe  
  29  4:49  Probe  
  29  4:50  Templar Archives  
  31  4:57  Probe x2  
  31  4:59  Stalker x3  
  37  5:06  Gateway, Probe x2  
  41  5:18  Probe x2  
  43  5:26  Psionic Storm  
  43  5:27  High Templar  
  45  5:30  Probe x2  
  47  5:48  High Templar  
  49  5:53  Assimilator x2  
  49  6:04  Stalker x2  
  53  6:22  Nexus  
  53  6:24  Pylon  
  53  6:27  Pylon  
  52  6:45  Stalker x4  
  60  6:52  Forge  
  60  6:57  Probe x2  
  62  7:01  Pylon  
  62  7:04  Pylon  
  62  7:09  Probe x2  
  64  7:18  Stalker x3  
  64  7:21  Probe x2  
  72  7:27  Protoss Ground Weapons Level 1  
  72  7:30  Photon Cannon  
  72  7:33  Probe  
  73  7:39  High Templar  
  73  7:41  High Templar  
  77  7:45  Archon  
  77  7:53  Probe x3  
  77  7:54  Stalker x2  
  84  8:01  Probe x3  
  87  8:10  Probe x3  
  87  8:14  Sentry x2  
  94  8:20  Assimilator  
  94  8:21  Assimilator  
  94  8:22  Probe x3  
  94  8:25  High Templar  
  99  8:29  Stalker  
  101  8:34  Probe  
  101  8:38  Pylon  
  101  8:41  Photon Cannon  
  102  8:49  Shield Battery  
  102  8:50  Pylon  
  102  8:51  Pylon  
  102  8:58  Pylon  
  102  9:00  Pylon  
  102  9:02  High Templar x3  
  106  9:04  Stalker  
  110  9:20  Photon Cannon  
  110  9:22  Photon Cannon  
  110  9:24  Shield Battery  
  110  9:31  Probe x2  
  110  9:32  Probe  
  113  9:46  Nexus  
  113  9:47  Pylon  
  61  10:29  High Templar x2  
  61  10:30  High Templar x2  
  61  10:34  Gateway x2  
  69  10:37  Gateway  
  69  10:38  Gateway x2  
  69  10:41  Gateway  
  69  10:43  Gateway  
  69  10:48  Gateway  
  69  10:51  Protoss Ground Weapons Level 2  
  69  10:53  Robotics Facility  
  69  11:01  Robotics Facility  
  69  11:05  Forge  
  69  11:09  Stalker x3  
  75  11:17  Charge  
  69  11:51  Archon x2, Immortal x2  
  60  12:15  Robotics Facility  
  60  12:18  Robotics Facility  
  60  12:23  Stalker x3  
  60  12:24  Stalker x4  
  60  12:25  Stalker x2  
  60  12:26  Immortal x2  
  78  12:57  Stalker x3  
  78  12:58  Stalker  
  72  13:29  Stalker x2  
Show
View Real Time Build Order
Export as new Build Order

SailorMoonLS Terran 

Build Orders: Command Center First 

Get SALT Encoding   

  12  0:00  SCV  
  13  0:12  SCV  
  14  0:24  SCV  
  15  0:38  Supply Depot  
  15  0:58  Command Center  
  15  0:59  SCV  
  16  1:10  Barracks  
  16  1:14  SCV  
  17  1:26  SCV  
  18  1:40  SCV  
  18  1:42  Refinery  
  18  1:44  Refinery  
  19  1:55  SCV  
  19  1:59  Marine  
  19  2:00  Bunker  
  21  2:07  SCV  
  22  2:12  SCV  
  23  2:19  SCV  
  23  2:20  Barracks Tech Lab  
  24  2:26  Orbital Command  
  24  2:31  Orbital Command  
  24  2:34  Engineering Bay  
  24  2:47  Supply Depot  
  24  2:48  Marine, Stimpack  
  26  2:58  SCV  
  26  3:06  Marine  
  27  3:15  SCV  
  27  3:16  SCV  
  27  3:17  Terran Infantry Weapons Level 1  
  29  3:27  SCV  
  29  3:28  SCV  
  29  3:30  Factory  
  31  3:38  Barracks  
  31  3:39  SCV  
  31  3:40  SCV  
  33  3:41  Missile Turret  
  33  3:47  Missile Turret  
  33  3:50  Marine  
  33  3:51  SCV  
  33  3:52  SCV  
  36  4:01  Sensor Tower  
  36  4:03  SCV  
  36  4:04  SCV  
  38  4:15  SCV  
  38  4:16  SCV  
  40  4:17  Marine  
  40  4:22  Factory Tech Lab  
  40  4:23  Starport  
  40  4:24  Factory  
  41  4:28  SCV x2  
  43  4:39  Missile Turret  
  43  4:40  SCV x2  
  45  4:47  Refinery  
  45  4:52  SCV  
  46  4:53  Supply Depot  
  46  5:01  Medivac  
  46  5:02  SCV, Siege Tank  
  46  5:04  SCV  
  53  5:08  Combat Shield, Marine  
  54  5:16  SCV  
  54  5:20  Factory Tech Lab  
  54  5:21  Missile Turret  
  55  5:22  Barracks Reactor  
  55  5:25  Barracks  
  55  5:29  SCV x2  
  55  5:30  Barracks  
  52  5:41  SCV x2  
  48  5:53  SCV x2  
  48  5:55  Marine  
  51  5:58  Marine  
  52  6:05  SCV x2  
  52  6:07  Starport Reactor  
  52  6:10  Marine  
  55  6:15  Missile Turret  
  55  6:16  Marine  
  56  6:19  Missile Turret  
  56  6:25  Marine  
  56  6:35  Missile Turret  
  56  6:39  Armory  
  53  6:51  Siege Tank  
  53  6:52  Siege Tank, Marine x2, Barracks Reactor  
  53  6:53  Barracks Reactor  
  61  6:57  Terran Infantry Armor Level 1  
  61  6:59  Engineering Bay  
  61  7:05  Missile Turret x2  
  61  7:06  SCV  
  62  7:09  Missile Turret x2  
  62  7:12  Supply Depot  
  62  7:13  SCV  
  63  7:18  SCV  
  64  7:25  SCV  
  65  7:30  Marine x2  
  65  7:31  Marine  
  65  7:32  Marine x2  
  65  7:33  Marine x2  
  72  7:41  Supply Depot  
  72  7:42  Supply Depot  
  72  7:44  Medivac  
  73  7:55  Marine x3  
  73  7:56  Marine  
  77  8:04  Thor  
  83  8:14  Thor  
  83  8:16  Marine x2  
  83  8:17  Marine x3  
  83  8:18  Terran Infantry Weapons Level 2  
  94  8:21  Command Center  
  94  8:31  Terran Vehicle Weapons Level 1  
  94  8:35  Refinery  
  94  8:37  Supply Depot  
  94  8:39  Supply Depot  
  94  8:40  Supply Depot  
  94  8:43  Marine x2  
  94  8:45  SCV  
  94  8:46  Marine x3  
  94  8:47  Marine x2  
  102  9:04  SCV x2, Marine  
  102  9:05  Marine x4  
  109  9:11  Supply Depot  
  109  9:16  SCV  
  103  9:34  Supply Depot  
  73  9:58  SCV x2  
  69  10:00  Orbital Command  
  69  10:01  Thor  
  69  10:02  Thor  
  69  10:03  Marine x3  
  69  10:04  Marine x4  
  88  10:20  Marine  
  89  10:27  Missile Turret  
  89  10:33  Marine  
  89  10:34  Marine x5  
  95  10:37  Terran Infantry Armor Level 2, Terran Infantry Weapons Level 3  
  95  10:38  Terran Vehicle Weapons Level 2  
  95  10:41  Missile Turret  
  97  10:50  Concussive Shells, Marauder  
  97  10:51  Thor  
  97  10:56  Marine x5  
  97  10:57  Marine  
  108  11:01  Refinery  
  108  11:03  SCV  
  110  11:04  SCV x2  
  112  11:13  Marine  
  112  11:14  Medivac  
  112  11:15  SCV  
  116  11:21  Marine x4  
  94  11:44  Marine x3  
  94  11:45  Marine x3  
  75  11:53  Marine  
  74  11:56  Thor x2  
  86  12:02  Marine x3  
  48  12:36  Marine x4  
  48  13:01  Marine x5  
  48  13:02  Marine  
Show
View Real Time Build Order
Export as new Build Order

Ekelpack Zerg - Winner!

Build Orders: Hatch First 

Get SALT Encoding   

  12  0:00  Drone  
  13  0:12  Overlord  
  13  0:17  Drone  
  14  0:31  Drone x2  
  16  0:36  Drone  
  17  0:45  Drone  
  19  0:57  Drone  
  19  0:59  Hatchery  
  18  1:07  Drone  
  19  1:14  Spawning Pool  
  19  1:17  Extractor  
  18  1:18  Drone  
  18  1:28  Drone  
  19  1:42  Overlord  
  19  1:50  Drone  
  20  2:04  Queen  
  20  2:07  Drone  
  23  2:11  Queen  
  23  2:12  Drone  
  27  2:15  Drone  
  27  2:19  Metabolic Boost  
  27  2:22  Drone  
  28  2:25  Drone  
  29  2:32  Drone  
  30  2:39  Drone  
  30  2:43  Extractor  
  30  2:44  Drone x2  
  32  2:54  Overlord  
  32  2:56  Lair  
  32  2:57  Drone  
  33  3:04  Extractor  
  33  3:05  Drone x2  
  34  3:17  Drone x4  
  38  3:22  Drone x3  
  41  3:28  Overlord  
  41  3:33  Drone  
  42  3:39  Drone, Extractor  
  42  3:51  Drone x2  
  42  3:52  Drone  
  45  3:56  Drone x2  
  47  4:03  Overlord, Spire  
  47  4:08  Zergling x2  
  47  4:09  Zergling x6  
  49  4:38  Zergling x8  
  50  4:39  Zergling x8  
  56  4:54  Overlord x2  
  56  5:18  Mutalisk x5  
  56  5:19  Mutalisk x5  
  70  5:43  Mutalisk x2  
  70  5:44  Mutalisk x2  
  70  5:46  Zerg Flyer Weapons Level 1  
  74  5:52  Overlord x2  
  74  6:05  Queen  
  76  6:12  Hatchery  
  75  6:19  Infestation Pit  
  74  6:38  Mutalisk x3  
  80  6:46  Zergling x8  
  80  6:47  Zergling x4, Overlord x5  
  86  6:55  Hive  
  86  7:01  Evolution Chamber x2  
  85  7:04  Drone x4  
  88  7:13  Drone  
  88  7:14  Drone x4  
  93  7:26  Drone x3  
  93  7:28  Extractor x2  
  94  7:31  Overseer  
  94  7:32  Zerg Melee Weapons Level 1  
  94  7:33  Zerg Ground Armor Level 1  
  94  7:42  Pneumatized Carapace  
  94  7:56  Drone x3  
  94  7:57  Drone x5  
  100  8:12  Zerg Flyer Weapons Level 2  
  100  8:17  Ultralisk Cavern  
  99  8:27  Zergling x6  
  99  8:28  Adrenal Glands  
  102  8:54  Zergling x12, Overlord x2  
  102  8:55  Zergling x4, Overlord x3  
  109  8:56  Zergling x2  
  89  9:41  Ultralisk x5  
  89  9:42  Ultralisk x3  
  135  9:47  Zerg Melee Weapons Level 2  
  135  9:50  Zergling x4  
  135  9:51  Zergling x10  
  137  10:06  Zergling x8  
  121  10:21  Zergling x6  
  120  10:52  Ultralisk x3  
  120  10:53  Ultralisk  
  144  10:58  Extractor  
  144  11:02  Hatchery, Extractor  
  141  11:08  Hatchery  
  109  11:42  Ultralisk x2  
  109  11:44  Chitinous Plating  
  115  11:49  Zergling x8  
  111  12:08  Zergling x2  
  111  12:09  Zergling x12  
  111  12:10  Zergling x2  
  119  12:17  Drone  
  89  13:01  Zergling x6, Ultralisk x2  
  89  13:03  Anabolic Synthesis  
  89  13:04  Drone x6  
  91  13:21  Drone x5  
  91  13:22  Drone x2  
Show
View Real Time Build Order
Export as new Build Order

Nyck Terran - Winner!

Build Orders:  

Get SALT Encoding   

  12  0:00  SCV  
  13  0:12  SCV  
  14  0:17  Supply Depot  
  14  0:28  SCV  
  15  0:40  SCV  
  16  0:42  Barracks  
  16  0:46  Refinery  
  16  0:52  SCV  
  17  1:07  SCV  
  18  1:20  SCV  
  18  1:25  Supply Depot  
  19  1:30  Reaper  
  20  1:33  Orbital Command, Refinery  
  20  1:59  SCV  
  21  2:12  SCV  
  21  2:15  Barracks Reactor  
  22  2:18  Command Center  
  22  2:19  Barracks  
  22  2:24  SCV  
  23  2:36  SCV  
  24  2:48  SCV  
  25  2:53  Marine  
  25  2:54  Marine  
  27  3:01  SCV  
  28  3:08  Barracks Tech Lab  
  28  3:12  Supply Depot  
  28  3:13  SCV  
  29  3:25  SCV  
  30  3:31  Combat Shield  
  30  3:32  Marine x3  
  33  3:38  Orbital Command  
  33  3:39  SCV  
  34  3:42  Refinery  
  34  3:45  Refinery  
  34  3:51  SCV  
  34  3:52  Marine x2  
  34  3:53  Marine  
  38  3:58  Factory  
  38  4:03  Engineering Bay  
  38  4:05  SCV x2  
  38  4:17  SCV x2  
  37  4:30  SCV x2  
  37  4:42  SCV x2  
  39  4:47  Engineering Bay  
  39  4:48  Terran Infantry Weapons Level 1  
  39  4:49  Marine x3  
  39  4:52  Starport, Factory Reactor  
  42  4:54  SCV x2  
  42  4:55  Stimpack  
  44  5:06  SCV x2  
  46  5:18  SCV x2, Terran Infantry Armor Level 1  
  46  5:20  Armory  
  48  5:30  SCV x2  
  50  5:40  Command Center  
  50  5:42  SCV x2  
  54  6:04  Supply Depot  
  54  6:06  SCV x2  
  54  6:25  SCV x2, Medivac x2  
  59  6:31  Marine x2  
  62  6:34  Supply Depot  
  62  6:38  Terran Vehicle And Ship Armor Level 1  
  62  6:51  Marine x3  
  62  6:52  SCV x2  
  67  6:54  Command Center  
  67  6:57  Supply Depot  
  67  7:04  SCV x2  
  67  7:06  Medivac x2  
  73  7:08  Terran Infantry Weapons Level 2  
  73  7:09  Marine  
  73  7:15  Terran Infantry Armor Level 2  
  74  7:20  Supply Depot  
  74  7:21  SCV x2  
  76  7:37  SCV  
  76  7:38  SCV  
  76  7:39  Medivac x2  
  76  7:41  Marine x3  
  85  7:48  Supply Depot  
  85  7:49  SCV, Barracks  
  85  7:50  SCV  
  87  8:00  Planetary Fortress  
  87  8:04  Refinery  
  87  8:06  SCV, Refinery  
  87  8:07  SCV  
  87  8:09  Orbital Command  
  89  8:15  Supply Depot  
  89  8:19  Supply Depot  
  89  8:22  SCV x2  
  89  8:24  Medivac x2  
  95  8:34  SCV x2  
  95  8:38  Supply Depot  
  97  8:44  Supply Depot, Barracks Reactor  
  97  8:46  Supply Depot, SCV x2  
  97  8:48  Marine x3  
  101  8:54  Medivac x2  
  101  8:55  SCV  
  107  8:58  SCV  
  107  9:02  Supply Depot, SCV  
  109  9:04  Terran Vehicle And Ship Armor Level 2  
  109  9:07  SCV  
  109  9:08  Marine x2  
  109  9:09  Marine  
  113  9:13  Supply Depot  
  113  9:14  Supply Depot  
  113  9:24  Supply Depot, Orbital Command  
  113  9:27  Marine  
  113  9:28  Marine x4  
  116  9:45  SCV x3, Marine  
  108  9:54  SCV  
  108  9:57  SCV x3  
  112  10:06  SCV  
  103  10:26  SCV x2  
  103  10:27  SCV x2, Marine  
  103  10:28  Marine x4  
  112  10:38  SCV  
  112  10:39  SCV x3  
  112  10:42  Medivac x2  
  120  10:45  Marine x5  
  125  10:50  Refinery  
  125  10:52  Terran Infantry Armor Level 3, Terran Infantry Weapons Level 3  
  125  11:02  SCV x3  
  125  11:03  Marine x5  
  133  11:08  Fusion Core  
  133  11:10  Factory Reactor  
  133  11:13  Barracks  
  134  11:18  SCV x3  
  134  11:20  Marine  
  134  11:21  Marine x4  
  141  11:25  SCV  
  141  11:26  Refinery  
  141  11:30  SCV x2  
  141  11:31  SCV  
  145  11:38  Marine  
  145  11:39  Marine x4  
  146  11:56  Marine, Caduceus Reactor  
  146  11:57  Marine x4  
  151  12:06  Supply Depot  
  151  12:09  SCV  
  151  12:10  SCV x2  
  151  12:14  SCV, Marine x5  
  160  12:20  Barracks Reactor  
  160  12:21  SCV  
  160  12:22  SCV  
  162  12:32  Marine x2  
  162  12:33  Supply Depot  
  162  12:53  Marine x3  
  162  12:54  Marine x2  
  165  13:01  Marine x2  
  166  13:10  Marine  
  166  13:11  Marine x3  
  166  13:12  Marine  
  171  13:19  Marine x2  
  173  13:28  Marine  
  173  13:29  Marine x3  
  173  13:30  SCV, Marine  
  173  13:31  SCV x3  
Tags
 
Add a new tag
Caveats
  • Supply blocks, unpowered buildings, or Contaminate may cause inaccurate times.
  • Supply counts are checked every 10 seconds.